 Dungeon Crawl Stone Soup version 0.31-a0-986-g5e6e4ef867 (webtiles) character file.

Game seed: 15503164518829541503

27288 Adrian566 the Grappler (level 13, -8/108 (113) HPs)
             Began as a Troll Shapeshifter on Nov 11, 2023.
             Was an Initiate of Gozag.
             Mangled by a sixfirhy (10 damage)
             ... summoned by an orc sorcerer
             ... on level 1 of the Elven Halls.
             The game lasted 00:20:38 (11185 turns).

Adrian566 the Grappler (Troll Shapeshifter)        Turns: 11185, Time: 00:20:38

HP:   -8/108 (113)  AC:  6    Str: 29    XL:     13   Next: 3%
MP:   18/18         EV: 21    Int:  6    God:    Gozag
Gold: 801           SH:  5    Dex:  9    Spells: 21/21 levels left

rFire   . .          .
                       - Unarmed
rCold   . . .        (shield currently unavailable)
rNeg    . . .        t - +0 troll leather armour
rPois   .            (helmet restricted)
rElec   .            y - +0 cloak of the Stars {Harm Regen+}
rCorr   .            (gloves unavailable)
SInv    .            (boots unavailable)
Will    .....        l - amulet of reflection
Stlth   +            E - +5 ring of evasion
HPRegen 2.78/turn    I - +5 ring of evasion
MPRegen 0.16/turn

%: harm (+30% outgoing, +20% incoming), reflection
@: flux-form, gold aura, glowing, lightly drained
A: glow, contaminating, large, unfitting armour, claws 3, regeneration 1, shaggy
fur 1, tough skin 1
a: Begin Untransformation, Renounce Religion, Potion Petition, Call Merchant,
Bribe Branch


You were on level 1 of the Elven Halls.
You worshipped Gozag.
Gozag was pleased with you.
You were something dangerously unstable.
You visited 4 branches of the dungeon, and saw 14 of its levels.

You collected 3386 gold pieces.
You spent 2490 gold pieces at shops.
You paid 95 gold pieces to Gozag.

Inventory:

Hand Weapons
 g - a +0 giant spiked club
Missiles
 p - 10 throwing nets
Armour
 m - a +1 cloak
 t - a +0 troll leather armour (worn)
 v - the +5 robe "Puuceyq" {rF+ Int+2}
   (You found it on level 6 of the Dungeon)

   Int+2:     It affects your intelligence (+2).
   rF+:       It protects you from fire.
 y - the +0 cloak of the Stars (worn) {Harm Regen+}
   (You bought it in a shop on level 2 of the Orcish Mines)

   Regen+:    It increases your rate of health regeneration.
   Harm:      It increases damage dealt and taken.
Jewellery
 f - a +4 ring of slaying
 l - an amulet of reflection (around neck)
 s - a ring of poison resistance
 E - a +5 ring of evasion (left claw)
 G - a +4 ring of protection
 I - a +5 ring of evasion (right claw)
 M - a ring of flight
Talismans
 c - a beast talisman
 d - a flux talisman (active)
 u - a talisman of death
 H - a maw talisman
Wands
 a - a wand of polymorph (5)
 e - a wand of flame (65)
 n - a wand of charming (19)
 w - a wand of roots (19)
 x - a wand of digging (9)
Scrolls
 j - 2 scrolls of brand weapon
 k - 2 scrolls of enchant weapon
 B - a scroll of poison
 C - 2 scrolls of teleportation
 N - a scroll of noise
Potions
 b - 3 potions of lignification
 h - 3 potions of degeneration
 i - a potion of enlightenment
 o - a potion of ambrosia
 q - 5 potions of curing
 r - a potion of mutation
 z - a potion of heal wounds
 K - a potion of brilliance
 L - 2 potions of attraction


   Skills:
 + Level 3.6 Fighting
 + Level 0.7 Armour
 + Level 6.7 Dodging
 + Level 1.7 Stealth
 + Level 4.7 Shields
 + Level 13.9 Unarmed Combat
 * Level 4.6 Spellcasting
 * Level 11.3 Shapeshifting


You had 21 spell levels left.
You didn't know any spells.
Your spell library contained the following spells:

 Spells                   Type           Power      Damage    Failure   Level
 Foxfire                  Conj/Fire      4%         2x1d4     34%         1
 Cigotuvi's Dreadful Rot  Necr/Pois/Air  2%         N/A       47%         2
 Dazzling Flash           Conj/Hex       2%         N/A       71%         3
 Tukima's Dance           Hex            1%         N/A       71%         3
 Anguish                  Hex/Necr       0%         N/A       98%         4
 Cause Fear               Hex            0%         N/A       98%         4
 Dimensional Bullseye     Hex/Tloc       0%         N/A       98%         4
 Dispel Undead            Necr           1%         3d6       98%         4
 Iskenderun's Mystic Bla  Conj/Tloc      1%         2d3       98%         4
 Leda's Liquefaction      Hex/Erth       0%         N/A       98%         4
 Olgreb's Toxic Radiance  Pois           1%         N/A       98%         4
 Agony                    Necr           1%         N/A       100%        5
 Lee's Rapid Deconstruct  Erth           0%         3d4*      100%        5
 Silence                  Hex/Air        0%         N/A       100%        5
 Bombard                  Conj/Erth      0%         9d1       100%        6
 Death Channel            Necr           0%         N/A       100%        6
 Plasma Beam              Fire/Air       0%         2x1d10    100%        6
 Starburst                Conj/Fire      0%         6d3       100%        6
 Enfeeble                 Hex            0%         N/A       100%        7
 Discord                  Hex            0%         N/A       100%        8
 Ignition                 Fire           0%         3d3       100%        8


Dungeon Overview and Level Annotations

Branches:
Dungeon (10/15)            Temple (1/1) D:5            Lair (0/5) D:8
    Orc (2/2) D:10            Elf (1/3) Orc:2

Altars:
Ashenzari
Cheibriados
Dithmenos
Elyvilon
Fedhas
Gozag
Hepliaklqana
Kikubaaqudgha
Makhleb
Nemelex Xobeh
Okawaru
Qazlal
Ru
Sif Muna
Trog
Uskayaw
Vehumet
Wu Jian
Xom
Yredelemnul
Zin
The Shining One

Shops:
D:2 [   D:8 (   D:9 =   Orc:2 =[([*


Innate Abilities, Weirdness & Mutations

You are something dangerously unstable.
You glow with magical radiation, making you easy to see and hit.
Foes you strike become dangerously contaminated with magical radiation.
You are incapable of wielding weapons or throwing items.
You are too large for most types of armour.
You have claws for hands.
Your natural rate of healing is unusually fast.
You are covered in fur. (AC +1)
You have tough skin. (AC +1)


Message History

You scratch the deep elf pyromancer.
The deep elf pyromancer begins to glow.
The deep elf pyromancer is lightly wounded.
You claw the deep elf pyromancer!
The deep elf pyromancer glows dangerously bright.
The deep elf pyromancer is moderately wounded.
The deep elf pyromancer casts a spell at you.
The sticky flame hits you!
You are covered in liquid flames!
The orc sorcerer casts a spell.
The orc sorcerer points at you and mumbles some strange words.
The bolt of negative energy hits you!!
You feel drained.
The orc sorcerer points at you and mumbles some strange words.
The bolt of fire hits you!!
You are too injured to fight recklessly!
You are too injured to fight recklessly!
Unknown command.
You are too injured to fight recklessly!
You are covered in liquid flames!
The orc sorcerer is no longer distracted by gold.
The orc sorcerer attacks as it pursues you!
The orc sorcerer hits you with a +0 dagger!
As you read the scroll of fog, it dissolves into smoke.
You are covered in liquid flames!
* * * LOW HITPOINT WARNING * * *
The orc sorcerer barely misses you.
The deep elf pyromancer hits you with a +0 dagger.
* * * LOW HITPOINT WARNING * * *
The sixfirhy hits you.
* * * LOW HITPOINT WARNING * * *
The sixfirhy shocks you!
* * * LOW HITPOINT WARNING * * *
The sixfirhy hits you.
* * * LOW HITPOINT WARNING * * *
The sixfirhy shocks you!
* * * LOW HITPOINT WARNING * * *
The orc sorcerer casts a spell.
The deep elf pyromancer casts a spell.
The deep elf pyromancer blinks!
The orc sorcerer barely misses you. The sixfirhy hits you!
You die...
Your body crumbles into a pile of gold.

###############
#.....§§§§§...#
#.<...§p3o§3⌠.#
#.....§§oo§...#
###########...#
#.....#.4.#
...........#
............#
...#.....#...#
...###########


You could see a sixfirhy (summoned) and 3 orc sorcerers.

Vanquished Creatures
  Harold (D:10)
  An ogre mage (Orc:2)
  9 two-headed ogres
  A death yak (D:10)
  Urug (Orc:1)
  Amaemon (D:9)
  Sonja (Orc:2)
  2 deep trolls (Orc:2)
  2 deep elf pyromancers (Elf:1)
  2 cyclopes (Orc:2)
  Maurice (Orc:2)
  A gargoyle (D:10)
  An orange demon (D:9)
  3 kobold demonologists
  Psyche (D:8)
  Jeremiah (D:7)
  8 trolls
  Grinder (D:3)
  Prince Ribbit (D:7)
  2 shadows (D:10)
  Sigmund (D:5)
  15 yaks
  A wyvern (D:9)
  2 steam dragons
  3 vampire mosquitoes (D:10)
  Menkaure (D:4)
  2 wargs (Orc:1)
  A water moccasin (D:5)
  Edmund (D:6)
  An acid dragon (D:10)
  12 orc warriors
  2 ice beasts
  A sky beast (D:7)
  A black bear (D:4)
  A wolf (D:7)
  21 ogres
  3 centaurs
  4 kobold brigands
  Blork the orc (D:4)
  3 bullfrogs
  3 gnoll sergeants
  A scorpion (D:6)
  9 killer bees
  An electric eel (D:10)
  3 howler monkeys (D:9)
  2 jellies (D:6)
  10 hounds
  3 gnoll boudas
  11 orc priests
  2 sleepcaps (D:7)
  4 iguanas
  16 orc wizards
  Ijyb (D:3)
  Natasha (thrice) (D:4)
  10 adders
  23 gnolls
  A white imp (D:8)
  4 ufetubi
  5 worms
  3 dart slugs
  50 orcs
  5 bats
  4 endoplasms
  4 giant cockroaches
  7 goblins
  8 hobgoblins
  7 jackals
  4 quokkas (D:3)
  7 ball pythons
  A frilled lizard (D:3)
  11 kobolds
  5 rats
  A spectral hobgoblin (D:8)
347 creatures vanquished.

Vanquished Creatures (collateral kills)
  An ogre mage (Orc:2)
  3 ogres (Orc:2)
4 creatures vanquished.

Vanquished Creatures (others)
  2 kobolds (D:10)
2 creatures vanquished.

Grand Total: 353 creatures vanquished

Notes
Turn   | Place    | Note
-------+----------+-------------------------------------------
     0 | D:1      | Adrian566 the Troll Shapeshifter began the quest for the
                  | Orb.
     0 | D:1      | Reached XP level 1. HP: 18/18 MP: 0/0
   154 | D:1      | Reached XP level 2. HP: 25/26 MP: 1/1
   552 | D:2      | Found a faded altar of an unknown god.
   701 | D:2      | Reached XP level 3. HP: 32/32 MP: 2/2
   734 | D:2      | Found a stormy altar of Qazlal.
   910 | D:2      | Found Paceokua's Armour Shop.
   935 | D:3      | Noticed Grinder
   942 | D:3      | Paralysed by Grinder for 3 turns
   952 | D:3      | Killed Grinder
   953 | D:3      | Reached skill level 1 in Fighting
   953 | D:3      | Reached skill level 4 in Unarmed Combat
   953 | D:3      | Reached XP level 4. HP: 26/41 MP: 3/3
   953 | D:3      | Reached XP level 5. HP: 31/48 MP: 4/4
  1050 | D:3      | Reached XP level 6. HP: 55/55 MP: 5/5
  1071 | D:3      | Reached skill level 5 in Shapeshifting
  1253 | D:3      | Noticed Ijyb
  1270 | D:3      | Killed Ijyb
  1271 | D:3      | Reached skill level 5 in Unarmed Combat
  1644 | D:4      | Noticed Menkaure
  1647 | D:4      | Killed Menkaure
  1648 | D:4      | Reached XP level 7. HP: 62/62 MP: 6/6
  1960 | D:4      | Noticed Blork the orc
  1967 | D:4      | Killed Blork the orc
  1968 | D:4      | Reached skill level 6 in Unarmed Combat
  2017 | D:4      | Found a sparkling altar of Nemelex Xobeh.
  2119 | D:4      | Noticed Natasha
  2125 | D:4      | Killed Natasha
  2569 | D:4      | Noticed Natasha
  2582 | D:4      | Killed Natasha
  3569 | D:4      | Noticed Natasha
  3575 | D:4      | Killed Natasha
  3594 | D:5      | Entered Level 5 of the Dungeon
  3870 | D:5      | Reached skill level 1 in Shields
  3870 | D:5      | Reached XP level 8. HP: 70/70 MP: 7/7
  3894 | D:5      | Found a staircase to the Ecumenical Temple.
  3942 | Temple   | Entered the Ecumenical Temple
  4173 | D:5      | Reached skill level 1 in Stealth
  4189 | D:5      | Noticed Sigmund
  4198 | D:5      | Killed Sigmund
  4199 | D:5      | Reached skill level 7 in Unarmed Combat
  4384 | D:5      | Found a shadowy altar of Dithmenos.
  4404 | D:5      | Found an ornate altar of the Wu Jian Council.
  4643 | D:6      | Identified the +5 robe "Puuceyq" {rF+ Int+2}
  4907 | D:6      | Found a stormy altar of Qazlal.
  4908 | D:6      | Found a hide-covered altar of Uskayaw.
  4908 | D:6      | Found a radiant altar of Vehumet.
  4908 | D:6      | Found an opulent altar of Gozag.
  4909 | D:6      | Found a sacrificial altar of Ru.
  4909 | D:6      | Found an iron altar of Okawaru.
  4909 | D:6      | Found a white marble altar of Elyvilon.
  4909 | D:6      | Found a bloodstained altar of Trog.
  4910 | D:6      | Found a shimmering blue altar of Sif Muna.
  4938 | D:6      | Found a blossoming altar of Fedhas.
  4938 | D:6      | Found a shimmering altar of Xom.
  4962 | D:6      | Became a worshipper of Gozag Ym Sagoz the Greedy
  5161 | D:6      | Noticed Edmund
  5171 | D:6      | Killed Edmund
  5172 | D:6      | Reached XP level 9. HP: 45/79 MP: 8/8
  5453 | D:7      | Reached skill level 8 in Unarmed Combat
  5526 | D:7      | Noticed Prince Ribbit
  5549 | D:7      | Killed Prince Ribbit
  5834 | D:7      | Noticed Jeremiah
  5891 | D:7      | Killed Jeremiah
  6032 | D:8      | Found a staircase to the Lair.
  6097 | D:8      | Reached skill level 9 in Unarmed Combat
  6584 | D:8      | Noticed Psyche
  6606 | D:8      | Killed Psyche
  6607 | D:8      | Reached XP level 10. HP: 31/88 MP: 9/9
  6897 | D:8      | Reached skill level 1 in Spellcasting
  7091 | D:8      | Found a hazy altar of Hepliaklqana.
  7148 | D:8      | Found Goclen's Weapon Shop.
  7919 | D:9      | Reached skill level 10 in Unarmed Combat
  8006 | D:9      | Noticed an orange demon
  8007 | D:9      | Noticed Amaemon
  8017 | D:9      | Killed Amaemon
  8020 | D:9      | Killed an orange demon
  8021 | D:9      | Reached skill level 5 in Dodging
  8154 | D:9      | Reached XP level 11. HP: 93/96 MP: 13/13
  8314 | D:9      | Found Cuama's Jewellery Shoppe.
  8328 | D:9      | Reached skill level 11 in Unarmed Combat
  8340 | D:9      | Bought a maw talisman for 390 gold pieces
  8340 | D:9      | Bought a +5 ring of evasion for 468 gold pieces
  8496 | D:10     | Entered Level 10 of the Dungeon
  8547 | D:10     | Noticed a death yak
  8554 | D:10     | Killed a death yak
  8591 | D:10     | Found a staircase to the Orcish Mines.
  8615 | D:10     | Reached skill level 10 in Shapeshifting
  8773 | D:10     | Noticed Harold
  8781 | D:10     | Killed Harold
  9018 | D:10     | Noticed a two-headed ogre
  9027 | D:10     | Killed a two-headed ogre
  9372 | D:11     | Identified the "Piajor"
  9372 | Orc:1    | Entered Level 1 of the Orcish Mines
  9494 | Orc:1    | Noticed Urug
  9536 | Orc:1    | Killed Urug
  9537 | Orc:1    | Reached skill level 12 in Unarmed Combat
  9947 | Orc:2    | Entered Level 2 of the Orcish Mines
  9947 | Orc:2    | Noticed Sonja
  9947 | Orc:2    | Found a staircase to the Elven Halls.
 10070 | Orc:2    | Killed Sonja
 10165 | Orc:2    | Noticed Maurice
 10170 | Orc:2    | Reached XP level 12. HP: 98/105 MP: 16/16
 10180 | Orc:2    | Noticed a two-headed ogre
 10208 | Orc:1    | Killed a two-headed ogre
 10260 | Orc:2    | Noticed a two-headed ogre
 10278 | Orc:2    | Killed Maurice
 10281 | Orc:2    | Killed a two-headed ogre
 10412 | Orc:2    | Noticed a two-headed ogre
 10413 | Orc:2    | Noticed a two-headed ogre
 10419 | Orc:2    | Noticed an ogre mage
 10422 | Orc:2    | Killed a two-headed ogre
 10499 | Orc:2    | Killed a two-headed ogre
 10500 | Orc:2    | Reached skill level 13 in Unarmed Combat
 10526 | Orc:2    | Noticed a two-headed ogre
 10534 | Orc:2    | Killed a two-headed ogre
 10563 | Orc:2    | Noticed a two-headed ogre
 10567 | Orc:2    | Killed an ogre mage
 10580 | Orc:2    | Killed a two-headed ogre
 10623 | Orc:2    | Noticed a two-headed ogre
 10658 | Orc:2    | Killed a two-headed ogre
 10847 | Orc:2    | Found Tantinti's Tempting Trifles.
 10853 | Orc:2    | Bought a +0 troll leather armour for 225 gold pieces
 10853 | Orc:2    | Bought a talisman of death for 1200 gold pieces
 10895 | Orc:2    | Found Ickauts's Antique Weapon Shoppe.
 10897 | Orc:2    | Found Moust's Armour Shoppe.
 10904 | Orc:2    | Found Diymiem's Armour Boutique.
 10915 | Orc:2    | Found Lucliad's Jewellery Emporium.
 10917 | Orc:2    | Noticed an ogre mage
 10949 | Orc:2    | Paralysed by an ogre mage for 5 turns
 10950 | Orc:2    | Killed an ogre mage
 10986 | Orc:2    | Bought the +0 cloak of the Stars {Harm Regen+} for 207 gold
                  | pieces
 10997 | Orc:2    | Noticed a two-headed ogre
 11006 | Orc:2    | Killed a two-headed ogre
 11163 | Vaults:5 | Identified the "Yrphiutre"
 11163 | Vaults:5 | Identified the of Ivykli
 11163 | Vaults:5 | Identified the "Jefus"
 11163 | Depths:1 | Identified the "Miroscho"
 11163 | Depths:3 | Identified the of Voegreo
 11163 | Elf:1    | Identified the "Pyve"
 11163 | Elf:1    | Entered Level 1 of the Elven Halls
 11176 | Elf:1    | Reached XP level 13. HP: 113/113 MP: 18/18
 11185 | Elf:1    | HP: 2/108 [sixfirhy[an orc sorcerer] (14)]
 11185 | Elf:1    | Mangled by a sixfirhy

Illustrated notes

Levels and vault maps discovered:
D:1:      lemuel_arrival_tunnels, layout_rooms
D:2:      layout_rooms, basic_altar, shapermc_ecumenical_altar_petra,
          serial_shops, shop, chequers_serial_rivers_micro_b
D:3:      minmay_octagon_keep, layout_rooms, uniq_ijyb, uniq_grinder
D:4:      layout_gridville, mainiacjoe_overflow_brackets, item_on_display_a,
          uniq_blork_the_orc, uniq_menkaure, uniq_natasha
D:5:      layout_rooms, grunt_dithmenos_smoke, nicolae_wu_jian_glorious_leap,
          minmay_temple_entry_statues, uniq_sigmund
D:6:      layout_rooms, nicolae_overflows_in_rows, uniq_edmund
D:7:      layout_basic, uniq_prince_ribbit1, uniq_jeremiah
D:8:      layout_cave_pools, nicolae_hepliaklqana_monster_ancestors,
          dpeg_oklobed_lair, serial_gnoll_camp, gnoll_camp_mini_basic,
          gnoll_camp_mini_basic, gnoll_camp_mini_shop, gnoll_camp_mini_basic,
          gnoll_camp_mini_loothouse, gnoll_camp_mini_house, uniq_psyche
D:9:      layout_loops_corners, serial_shops, nicolae_shop_waterfront,
          uniq_amaemon
D:10:     layout_basic, david_orc_3, serial_ice, serial_ice_d, serial_ice_g,
          serial_ice_b, serial_ice_l, serial_ice_h, serial_ice_f, serial_ice_c,
          uniq_harold
Temple:   nicolae_temple_superstar
Orc:1:    layout_caves, serial_shops, uniq_urug
Orc:2:    st_orc_open, layout_diamond_mine, basic_altar, nicolae_alphabet_shops,
          uniq_sonja, uniq_maurice
Elf:1:    nicolae_elf_arrival_no_cutting_in_line, layout_gridlike, serial_shops,
          shop, minmay_elf_sorcery

Skill      XL: |  1  2  3  4  5  6  7  8  9 10 11 12 |
---------------+-------------------------------------+-----
Fighting       | 1 2 3 |  3.6
Dodging        | 2 3 4 5 6 |  6.7
Unarmed Combat | 4 5 6 7 9 10 12 13 | 13.9
Shapeshifting  | 4 5 6 7 8 9 10 11 | 11.3
Shields        | 1 2 3 4 |  4.7
Stealth        | 1 |  1.7
Spellcasting   | 2 3 4 |  4.6
Armour         | |  0.7

Action                     |  1- 3 |  4- 6 |  7- 9 | 10-12 | 13-15 || total
---------------------------+-------+-------+-------+-------+-------++-------
  Melee: Unarmed           |    58 |    74 |   287 |   691 |     7 ||  1117
         Punch             |     1 |     1 |     6 |     1 |       ||     9
         Maw               |       |       |       |     2 |       ||     2
Ability: Begin Untransform |       |       |     2 |       |       ||     2
    Use: Scroll            |       |       |    17 |     7 |     1 ||    25
         Potion            |       |       |     8 |     2 |       ||    10
   Stab: Distracted        |       |     1 |       |     4 |       ||     5
 Armour: Animal skin       |    36 |    37 |   122 |       |       ||   195
         Robe              |       |       |   126 |   304 |       ||   430
         Skin              |       |       |       |    11 |       ||    11
         Troll leather arm |       |       |       |    16 |     9 ||    25
  Dodge: Dodged            |    27 |    30 |   152 |   501 |     4 ||   714
  Block: Other             |     5 |     9 |    76 |   141 |     2 ||   233
         Reflection        |     1 |     1 |     7 |    10 |       ||    19
   Form: Beast             |     1 |       |     1 |       |       ||     2
         Flux              |       |       |     1 |     2 |       ||     3
         Maw               |       |       |       |     1 |       ||     1
         Death             |       |       |       |     1 |       ||     1

Table legend: (Time is in decaauts)
 A = Elapsed time spent in this place.
 B = Non-inter-level travel time spent in this place.
 C = Inter-level travel time spent in this place.
 D = Time resting spent in this place.
 E = Time spent auto-exploring this place.
 F = Levels seen in this place.
 G = Mean time per level.
                   A        B        C        D        E       F      G
               +--------+--------+--------+--------+--------+-----+--------+
         Total |  11005 |  10422 |    583 |   1946 |   6100 |  14 |  786.1 |
       Dungeon |   9157 |   8823 |    334 |   1927 |   5138 |  10 |  915.7 |
        Temple |    220 |      8 |    212 |      0 |      0 |   1 |  220.0 |
  Orcish Mines |   1607 |   1570 |     37 |     19 |    962 |   2 |  803.5 |
   Elven Halls |     19 |     19 |      0 |      0 |      0 |   1 |   19.0 |
               +--------+--------+--------+--------+--------+-----+--------+

Top non-repeatable levels by time:
     D:4: 2197 daAuts
     D:8: 1217 daAuts
     D:9: 1067 daAuts
   Orc:2: 977 daAuts
    D:10: 975 daAuts
     D:7: 793 daAuts
     D:5: 728 daAuts
     D:3: 695 daAuts
   Orc:1: 630 daAuts
     D:6: 550 daAuts
     D:1: 527 daAuts
     D:2: 403 daAuts
  Temple: 220 daAuts
   Elf:1: 19 daAuts
